 Dungeon Crawl Stone Soup version 0.31-a0-523-g071a6c1ffa (webtiles) character file.

Game seed: 10113055533407255426

994 arthad the Trooper (level 8, -1/58 HPs)
             Began as a Djinni Fire Elementalist on Aug 11, 2023.
             Was an Initiate of Makhleb.
             Slain by an orc wizard
             ... wielding a +0 dagger
              (3 damage)
             ... on level 5 of the Dungeon.
             The game lasted 00:11:47 (3822 turns).

arthad the Trooper (Djinni Fire Elementalist)       Turns: 3822, Time: 00:11:47

Health: -1/58      AC:  7    Str:  7    XL:     8   Next: 42%
Gold:   155        EV: 13    Int: 26    God:    Makhleb [......] SH:  0 Dex: 13

rFire   + + .        j - staff of conjuration
rCold   x . .        (no shield)
rNeg    . . .        a - +0 robe
rPois   ∞            h - +2 helmet
rElec   .            p - +1 cloak
rCorr   .            (no gloves)
SInv    .            (boots unavailable)
Will    +....        (no amulet)
Stlth   ++           b - ring of willpower
HPRegen 0.29/turn    l - +6 ring of intelligence
MPRegen 0.00/turn

%: infuse magic (-2 HP)
@: flying, hasted, very quick
A: sickness immunity, fire resistance 2, cold vulnerability 1, float, innate
caster, HP casting, extra vitality 1
a: Renounce Religion


You were on level 5 of the Dungeon.
You worshipped Makhleb.
Makhleb was noncommittal.
You visited 2 branches of the dungeon, and saw 6 of its levels.

You collected 155 gold pieces.

Inventory:

Hand Weapons
 i - a +2 spectral club
 o - a +4 quarterstaff of chaos
 B - a +3 sling
Armour
 a - a +0 robe (worn)
 h - a +2 helmet (worn)
 p - a +1 cloak (worn)
 s - a +4 ring mail of poison resistance
Magical Staves
 j - a staff of conjuration (weapon)
Jewellery
 b - a ring of willpower (left hand)
 c - an amulet of faith
 l - a +6 ring of intelligence (right hand)
 w - a ring of fire
 y - a ring of willpower
Wands
 r - a wand of flame (13)
Scrolls
 m - a scroll of teleportation {unknown}
 n - 3 scrolls of identify {unknown}
 u - a scroll of fog {unknown}
 v - 2 scrolls of poison {unknown}
 x - a scroll of blinking {unknown}
 z - a scroll of vulnerability {unknown}
 C - a scroll of noise {unknown}
 D - a scroll of revelation {unknown}
Potions
 d - a potion of curing {unknown}
 e - a potion of degeneration {unknown}
 f - a potion of invisibility {unknown}
 g - a potion of haste
 k - a potion of ambrosia {unknown}
 q - a potion of might {unknown}
 t - a potion of enlightenment {unknown}
 A - a potion of attraction {unknown}


   Skills:
 * Level 4.6 Fighting
 + Level 3.1 Armour
 + Level 4.4 Dodging
 + Level 3.5 Stealth
 * Level 4.5 Spellcasting
 * Level 4.5 Conjurations
 * Level 4.5 Hexes
   Level 0.0 Charms
 * Level 4.5 Summonings
 * Level 4.5 Necromancy
 * Level 4.5 Translocations
 * Level 4.5 Transmutations
 * Level 4.5 Fire Magic
 * Level 4.5 Ice Magic
 * Level 4.5 Air Magic
 * Level 4.5 Earth Magic
 * Level 4.5 Poison Magic


You knew the following spells:

 Your Spells              Type           Power      Damage    Failure   Level
a - Foxfire               Conj/Fire      100%       2x1d9     1%          1
b - Scorch                Fire           58%        2d7       1%          2
c - Volatile Blastmotes   Fire/Tloc      58%        2d14      3%          3
d - Inner Flame           Hex/Fire       29%        N/A       3%          3
e - Flame Wave            Conj/Fire      44%        2d11      12%         4
f - Sandblast             Erth           58%        2d13      1%          1
g - Searing Ray           Conj           88%        2d7       1%          2
h - Momentum Strike       Conj/Tloc      88%        3d10      1%          2
Your spell library was empty.

Dungeon Overview and Level Annotations

Branches:
Dungeon (5/15)             Temple (1/1) D:4

Altars:
Ashenzari
Dithmenos
Elyvilon
Fedhas
Hepliaklqana
Makhleb
Nemelex Xobeh
Okawaru
Wu Jian
Xom
Yredelemnul
The Shining One

Shops:
D:4 *

Annotations:
D:4 1 runed translucent door, justen's ghost, amateur MfSh


Innate Abilities, Weirdness & Mutations

You are immune to sickness and miasma.
You are immune to poison.
Your flesh is very heat resistant. (rF++)
You are vulnerable to cold. (rC-)
You float through the air rather than walking.
You learn spells naturally, not from books.
Your magical power is your life essence.
You have superior vitality. (+4 MHP)


Message History

A gnoll comes into view. It is wielding a +0 halberd.
The gnoll bouda barks out a call to the hunt!
Casting: Scorch (safe; 1% risk of failure)
Confirm with . or Enter, or press ? or * to list all spells.
Flames lash the gnoll bouda.
The gnoll bouda is burned terribly!
The gnoll bouda is severely wounded.
Casting: Scorch (safe; 1% risk of failure)
Confirm with . or Enter, or press ? or * to list all spells.
Flames lash the gnoll bouda.
The gnoll bouda is burned terribly!
You kill the gnoll bouda!
Makhleb accepts your kill.
You hear a shout!
A gnoll comes into view. It is wielding a +0 whip.
A gnoll comes into view. It is wielding a +0 flail.
Casting: Scorch (safe; 1% risk of failure)
Confirm with . or Enter, or press ? or * to list all spells.
Flames lash the gnoll.
The gnoll is moderately wounded.
The gnoll's fire resistance burns away.
The gnoll throws a throwing net.
The throwing net hits you.
You become entangled in the net!
Casting: Scorch (safe; 1% risk of failure)
Confirm with . or Enter, or press ? or * to list all spells.
Okay, then.
You struggle against the net.
The gnoll hits you from afar with a +0 halberd.
You tear a large gash into the net.
The gnoll hits you from afar with a +0 halberd!
* * * LOW HITPOINT WARNING * * *
The orc wizard hits you with a +0 dagger.
* * * LOW HITPOINT WARNING * * *
It was a potion of haste.
You feel yourself speed up.
The gnoll hits you from afar with a +0 halberd.
* * * LOW HITPOINT WARNING * * *
The orc wizard hits you but does no damage.
You rip the net and break free!
The gnoll is no longer more vulnerable to fire.
The gnoll hits you but does no damage.
You barely miss the orc wizard.
The orc wizard hits you with a +0 dagger.
You die...

###### ....
#).###
#.#####....##
#.o...#.....#
#.).)####.#
.#####))....#
..>....gg###...#
...###..go@# #
#.#.### #.#..
#.#### #. #.


You could see an orc wizard and 3 gnolls.

Vanquished Creatures
  An ice beast (D:3)
  6 killer bees (D:4)
  A hound (D:5)
  2 jellies
  2 orc priests (D:5)
  2 sleepcaps
  A gnoll bouda (D:5)
  Crazy Yiuf (D:2)
  Jessica (D:2)
  An iguana (D:5)
  4 orc wizards
  Ijyb (D:3)
  Robin (D:2)
  3 adders
  4 gnolls
  7 worms
  A dart slug (D:3)
  8 orcs
  11 ball pythons
  5 endoplasms
  3 giant cockroaches (D:1)
  20 goblins
  9 hobgoblins
  4 jackals (D:3)
  7 kobolds
  4 quokkas
  2 bats
  3 frilled lizards
  5 rats
120 creatures vanquished.

Vanquished Creatures (others)
  361 foxfires
361 creatures vanquished.

Grand Total: 481 creatures vanquished

Notes
Turn   | Place    | Note
-------+----------+-------------------------------------------
     0 | D:1      | arthad the Djinni Fire Elementalist began the quest for the
                  | Orb.
     0 | D:1      | arthad set off with the following spells memorised:
                  | Foxfire, Scorch, Volatile Blastmotes, Inner Flame, Flame
                  | Wave.
     0 | D:1      | Reached XP level 1. HP: 15/15 MP: 0/0
    67 | D:1      | Reached XP level 2. HP: 17/21 MP: 0/0
   272 | D:1      | Reached XP level 3. HP: 19/26 MP: 0/0
   272 | D:1      | Learned a level 1 spell: Sandblast
   769 | D:1      | Reached skill level 1 in Fighting
   886 | D:2      | Noticed Jessica
   889 | D:2      | Killed Jessica
   890 | D:2      | Reached XP level 4. HP: 28/32 MP: 0/0
   892 | D:2      | Noticed Robin
   894 | D:2      | Killed Robin
   895 | D:2      | Reached skill level 1 in Armour
  1232 | D:2      | Reached XP level 5. HP: 36/38 MP: 0/0
  1232 | D:2      | Learned a level 2 spell: Searing Ray
  1498 | D:2      | Found a runed translucent door.
  1499 | D:2      | Noticed Crazy Yiuf
  1715 | D:2      | Killed Crazy Yiuf
  1899 | D:3      | Noticed an ice beast
  1906 | D:3      | Killed an ice beast
  1907 | D:3      | Reached XP level 6. HP: 28/45 MP: 0/0
  2035 | D:3      | Found a broken altar of Ashenzari.
  2067 | D:3      | Noticed Ijyb
  2084 | D:3      | Killed Ijyb
  2404 | D:3      | Found a shadowy altar of Dithmenos.
  2405 | D:3      | Found an iron altar of Okawaru.
  2745 | D:4      | Reached XP level 7. HP: 45/50 MP: 0/0
  2745 | D:4      | Learned a level 2 spell: Momentum Strike
  2837 | D:4      | Found a runed translucent door.
  2838 | D:4      | Noticed justen's ghost (amateur MfSh)
  2973 | D:4      | Found a staircase to the Ecumenical Temple.
  2995 | Temple   | Entered the Ecumenical Temple
  3005 | Temple   | Became a worshipper of Makhleb the Destroyer
  3296 | D:4      | Found Zust's Gadget Gallery.
  3318 | D:4      | Reached XP level 8. HP: 56/58 MP: 0/0
  3772 | D:5      | Entered Level 5 of the Dungeon
  3820 | D:5      | HP: 2/58 [gnoll/+0 halberd[a gnoll bouda] (3)]
  3822 | D:5      | Slain by an orc wizard

Illustrated notes

Levels and vault maps discovered:
D:1:      dpeg_arrival_rooms_with_view, layout_basic
D:2:      layout_loops_ring, hangedman_glass_teeth, corexii_corridor_pit,
          uniq_crazy_yiuf_cottage, uniq_jessica, uniq_robin
D:3:      layout_basic, marbit_many_paths, nicolae_overflow_two_pavilions,
          corner_web_ring, uniq_ijyb
D:4:      layout_loops_ring, kennysheep_orc_sif_temple,
          minmay_temple_entry_sparse_star, gammafunk_ghost_grave,
          nicolae_shop_gadgets
D:5:      layout_basic, nicolae_ru_the_path_less_chosen, serial_shops,
          nicolae_shop_dealshenge, uniq_eustachio, uniq_edmund
Temple:   eino_temple_lava

Skill      XL: |  1  2  3  4  5  6  7  8 |
---------------+-------------------------+-----
Spellcasting   | 4 |  4.5
Conjurations   | 4 |  4.5
Hexes          | 4 |  4.5
Summonings     | 4 |  4.5
Necromancy     | 4 |  4.5
Translocations | 4 |  4.5
Transmutations | 4 |  4.5
Fire Magic     | 4 |  4.5
Ice Magic      | 4 |  4.5
Air Magic      | 4 |  4.5
Earth Magic    | 4 |  4.5
Poison Magic   | 4 |  4.5
Stealth        | 2 3 |  3.5
Fighting       | 1 2 3 4 |  4.6
Armour         | 1 2 3 |  3.1
Dodging        | 3 4 |  4.4

Action                     |  1- 3 |  4- 6 |  7- 9 || total
---------------------------+-------+-------+-------++-------
  Melee: Unarmed           |     4 |       |       ||     4
         Staff             |       |     2 |     9 ||    11
   Cast: Foxfire           |    62 |   108 |    49 ||   219
         Scorch            |     1 |    15 |    22 ||    38
         Flame Wave        |       |     2 |     2 ||     4
         Volatile Blastmot |       |       |     4 ||     4
    Use: Potion            |       |       |     1 ||     1
 Armour: Robe              |     2 |     3 |    12 ||    17
  Dodge: Dodged            |    10 |    10 |    14 ||    34

Table legend: (Time is in decaauts)
 A = Elapsed time spent in this place.
 B = Non-inter-level travel time spent in this place.
 C = Inter-level travel time spent in this place.
 D = Time resting spent in this place.
 E = Time spent auto-exploring this place.
 F = Levels seen in this place.
 G = Mean time per level.
                   A        B        C        D        E       F      G
               +--------+--------+--------+--------+--------+-----+--------+
         Total |   3804 |   3679 |    125 |    106 |   2929 |   6 |  634.0 |
       Dungeon |   3785 |   3660 |    125 |    106 |   2927 |   5 |  757.0 |
        Temple |     18 |     18 |      0 |      0 |      2 |   1 |   18.0 |
               +--------+--------+--------+--------+--------+-----+--------+

Top non-repeatable levels by time:
     D:4: 1206 daAuts
     D:2: 970 daAuts
     D:1: 827 daAuts
     D:3: 731 daAuts
     D:5: 49 daAuts
  Temple: 18 daAuts
